 Dungeon Crawl Stone Soup version 0.29-a0-1023-g6ae1a4a2c7 (webtiles) character file.

Game seed: 13580511542600492886

271 Sobieck the Cutter (level 6, 0/57 HPs)
             Began as a Kobold Berserker on Aug 11, 2022.
             Was a Believer of Trog.
             Slain by a gnoll
             ... wielding a +0 flail
             ... led by a gnoll bouda
              (2 damage)
             ... on level 4 of the Dungeon.
             The game lasted 00:04:11 (2448 turns).

Sobieck the Cutter (Kobold Berserker)               Turns: 2448, Time: 00:04:12

Health: 0/57       AC: 23    Str: 14    XL:     6   Next: 47%
Magic:  6/6        EV:  3    Int:  9    God:    Trog [**....]
Gold:   29         SH:  0    Dex: 16    Spells: 5/5 levels left

rFire   . . .      SeeInvis .   a - +0 short sword {short}
rCold   . . .      Faith    .   (no shield)
rNeg    . . .      Spirit   .   (body armour currently unavailable)
rPois   +          Reflect  .   (helmet currently unavailable)
rElec   .          Harm     .   (cloak currently unavailable)
rCorr   .          Rampage  .   (gloves currently unavailable)
Will    .....      NoTele   +   (boots currently unavailable)
Stlth   ++++......              (no amulet)
HPRegen 0.19/turn               (no ring)
MPRegen 0.10/turn               (no ring)

@: tree-form, on berserk cooldown, slowed, very slow
A: stationary, stasis, torment immunity, boosted hp, small, no large weapons,
nightstalker 3
a: Renounce Religion, Berserk, Trog's Hand


You were on level 4 of the Dungeon.
You worshipped Trog.
Trog was pleased with you.
You were a tree.
You visited 1 branch of the dungeon, and saw 3 of its levels.

You collected 29 gold pieces.


Innate Abilities, Weirdness & Mutations

You are a tree.
Your roots penetrate the ground, keeping you stationary.
You cannot be teleported.
You are immune to unholy pain and torment.
Your maximum health is greatly increased.
Your equipment is partially melded.
You are small and have problems with some larger weapons.
You are completely attuned to the shadows.


   Skills:
 + Level 4.2 Fighting
 + Level 5.1 Short Blades
 + Level 2.3 Throwing
 - Level 1.5 Armour
 + Level 3.7 Dodging
 - Level 5.0 Stealth


You had 5 spell levels left.
You didn't know any spells.
Your spell library contained the following spells:

 Spells                   Type           Power      Damage    Failure   Level
 Shock                    Conj/Air       0%         1d3       38%         1
 Swiftness                Air            0%         N/A       77%         3
 Airstrike                Air            0%         2d(0-16)  99%         4

Inventory:

Hand Weapons
 a - a +0 short sword (weapon) {short}
Missiles
 g - 27 stones (quivered) {throwing}
Armour
 b - a +0 animal skin (melded)
 e - a +0 plate armour
   (You found it on level 1 of the Dungeon)
 f - a +0 ring mail
   (You found it on level 1 of the Dungeon)
 h - a +0 cloak (melded)
   (You found it on level 1 of the Dungeon)
 j - a +0 ring mail
   (You found it on level 1 of the Dungeon)
 l - a +0 robe
   (You found it on level 1 of the Dungeon)
 m - a +0 ring mail
   (You found it on level 1 of the Dungeon)
 r - a +0 robe
   (You took it off Sigmund on level 2 of the Dungeon)
Scrolls
 c - a scroll of acquirement {unknown}
 i - 2 scrolls of blinking {unknown}
 k - 4 scrolls of identify {unknown}
 n - a scroll of summoning {unknown}
 o - 2 scrolls of fear {unknown}
 p - a scroll of teleportation {unknown}
 q - 3 scrolls of vulnerability {unknown}

Dungeon Overview and Level Annotations

Branches:
Dungeon (2/15) Zot: 15529

Altars:

#......
###.#.#.#.#
.........$
#.#.#.#.#
#........
##........
#####....$####
#.##ggg)[....#
#.##♣###....†#
#.##.# ##.#..#
#.##.# #.#..#
#....# #.#..#
#.#### #.# #.#
#.# #.#


You could see 3 gnolls.


Message History

You hear a shout!
You hear a bark!
You hear a shout!
You hit the gnoll bouda.
The gnoll bouda hits you with a +0 whip!
* * * LOW HITPOINT WARNING * * *
You hit the gnoll bouda.
You kill the gnoll bouda!
Trog accepts your kill.
Your Short Blades skill increases to level 5!
You hit the jackal. The jackal closely misses you.
A gnoll comes into view. It is wielding a +0 spear.
You hit the jackal.
You kill the jackal!
Trog accepts your kill.
The jackal barks! x3
A gnoll comes into view. It is wielding a +0 flail.
A gnoll comes into view. It is wielding a +0 club.
The gnoll hits you with a +0 spear.
* * * LOW HITPOINT WARNING * * *
Things that are here:
a +0 whip {mace}; a +0 robe The gnoll shouts!
You hit the gnoll. Your punch misses the gnoll.
A gnoll comes into view. It is wielding a +0 spear.
You puncture the gnoll!
You kill the gnoll!
Trog accepts your kill.
Your attacks no longer feel as feeble.
You puncture the jackal!
You kill the jackal!
Trog accepts your kill.
The gnoll is no longer moving quickly.
You puncture the jackal!
You kill the jackal!
Trog accepts your kill.
You puncture the jackal!
You kill the jackal!
Trog accepts your kill. The gnoll misses you. The gnoll barely misses you.
Things that are here:
a +0 spear {polearm}; a jackal corpse You hit the gnoll but do no damage.
You are no longer berserk.
You are exhausted.
You feel yourself slow down.
You hit the gnoll. You punch the gnoll. The gnoll closely misses you. x2
The gnoll completely misses you. The gnoll closely misses you.
The gnoll completely misses you. The gnoll hits you with a +0 flail.
* * * LOW HITPOINT WARNING * * *
The gnoll attacks as you move away! The gnoll hits you with a +0 club.
* * * LOW HITPOINT WARNING * * *
Things that are here:
a +0 whip {mace}; a +0 robe Unknown command.
The gnoll attacks as you move away! The gnoll closely misses you.
The gnoll misses you.
Okay, then.
Unknown command.
It was a potion of lignification.
You turn into a tree.
Your +0 cloak melds into your body.
Your +0 animal skin melds into your body.
Your roots penetrate the ground.
The gnoll hits you but does no damage. The gnoll hits you with a +0 flail.
* * * LOW HITPOINT WARNING * * *
The gnoll hits you but does no damage.
It was a potion of magic.
Magic courses through your body. The gnoll hits you but does no damage.
The gnoll barely misses you.
The gnoll hits you from afar with a +0 spear.
* * * LOW HITPOINT WARNING * * *
It was a potion of curing.
You feel better.
The gnoll hits you but does no damage. x2
The gnoll hits you from afar with a +0 spear.
* * * LOW HITPOINT WARNING * * *
The gnoll hits you with a +0 club.
* * * LOW HITPOINT WARNING * * *
The gnoll hits you but does no damage. x2
Unknown command.
Unknown command.
You hit the gnoll.
The gnoll hits you but does no damage. x2
The gnoll hits you from afar with a +0 spear.
* * * LOW HITPOINT WARNING * * *
You barely miss the gnoll.
The gnoll hits you but does no damage. x3
You hit the gnoll but do no damage. The gnoll completely misses you.
The gnoll hits you but does no damage. x3
Unknown command.
You hit the gnoll but do no damage. The gnoll barely misses you.
The gnoll hits you but does no damage. x4
You hit the gnoll.
The gnoll hits you but does no damage. x3
You hit the gnoll. The gnoll hits you with a +0 club.
* * * LOW HITPOINT WARNING * * *
The gnoll hits you but does no damage.
The gnoll hits you from afar with a +0 spear.
* * * LOW HITPOINT WARNING * * *
You hit the gnoll but do no damage.
The gnoll hits you but does no damage. x2
The gnoll hits you from afar with a +0 spear.
* * * LOW HITPOINT WARNING * * *
The gnoll hits you but does no damage.
Unknown command.
You closely miss the gnoll.
The gnoll hits you but does no damage. x3
The gnoll barely misses you. The gnoll hits you with a +0 flail.
You die...

Skill      XL: |  1  2  3  4  5  6 |
---------------+-------------------+-----
Stealth        | 2 3 5 |  5.0
Throwing       | 1 2 |  2.3
Dodging        | 3 |  3.7
Fighting       | 4 |  4.2
Short Blades   | 5 |  5.1
Armour         | |  1.5

Action                   |  1- 3 |  4- 6 || total
-------------------------+-------+-------++-------
Melee: Short sword       |    85 |    55 ||   140
       Punch             |       |     2 ||     2
Invok: Berserk           |     2 |     2 ||     4
       Trog's Hand       |     1 |       ||     1
  Use: Potion            |       |     3 ||     3
 Stab: Sleeping          |    18 |     9 ||    27
Armor: Animal skin       |     6 |     2 ||     8
       Skin              |       |    29 ||    29
Dodge: Dodged            |    49 |    30 ||    79

Levels and vault maps discovered:
D:1:      spicycebolla_arrival_ecumenical, layout_basic
D:2:      layout_basic, lemuel_another_geyser, uniq_sigmund
D:4:      layout_loops_ring, okawaru_trees_1, serial_glass, glass_columns_a,
          glass_columns_c, kennysheep_small_spiral, minmay_circle_x

Notes
Turn   | Place    | Note
-------+----------+-------------------------------------------
     0 | D:1      | Sobieck the Kobold Berserker began the quest for the Orb.
     0 | D:1      | Reached XP level 1. HP: 14/14 MP: 1/1
   134 | D:1      | Reached skill level 1 in Stealth
   352 | D:1      | Reached skill level 2 in Stealth
   379 | D:1      | Reached XP level 2. HP: 15/19 MP: 2/2
   535 | D:1      | Reached skill level 3 in Stealth
   746 | D:1      | Reached XP level 3. HP: 23/23 MP: 3/3
  1367 | D:2      | Reached skill level 4 in Stealth
  1523 | D:2      | Reached ** piety under Trog
  1673 | D:2      | Noticed Sigmund
  1685 | D:2      | Killed Sigmund
  1686 | D:2      | Reached skill level 5 in Stealth
  1686 | D:2      | Reached skill level 1 in Throwing
  1686 | D:2      | Reached skill level 3 in Dodging
  1686 | D:2      | Reached XP level 4. HP: 29/29 MP: 4/4
  1686 | D:2      | Reached XP level 5. HP: 33/33 MP: 5/5
  1686 | D:2      | Reached XP level 6. HP: 38/38 MP: 6/6
  1999 | D:2      | You pick up a book of Air {forbidden} and begin reading...
  1999 | D:2      | You add the spells Shock, Swiftness and Airstrike to your
                  | library.
  2032 | D:2      | Reached skill level 4 in Fighting
  2207 | D:2      | Reached skill level 2 in Throwing
  2375 | D:2      | You fall into a shaft and drop 2 floors!
  2424 | D:4      | Reached skill level 5 in Short Blades
  2435 | D:4      | HP: 8/38 [gnoll/+0 club[a gnoll bouda] (2)]
  2440 | D:4      | HP: 13/57 [gnoll/+0 spear[a gnoll bouda] (3)]
  2446 | D:4      | HP: 6/57 [gnoll/+0 club[a gnoll bouda] (2)]
  2447 | D:4      | HP: 2/57 [gnoll/+0 spear[a gnoll bouda] (3)]
  2448 | D:4      | Slain by a gnoll

Vanquished Creatures
  Sigmund (D:2)
  A gnoll bouda (D:4)
  A gnoll (D:4)
  2 adders (D:2)
  3 worms (D:2)
  3 dart slugs
  4 ball pythons
  7 endoplasms
  4 giant cockroaches
  A goblin (D:1)
  3 hobgoblins (D:1)
  4 jackals (D:4)
  2 quokkas
  6 bats
  3 frilled lizards (D:1)
  3 kobolds
  4 rats
52 creatures vanquished.

Table legend:
 A = Non-vault XP
 B = Vault XP
 C = Vault XP percentage of total XP
 D = Non-vault monster count
 E = Vault monster count
 F = Vault count percentage of total count
                 A         B        C        D         E       F
            +---------+---------+-------+---------+---------+-------
      Total |     174 |     214 |  55.2 |      51 |       1 |   1.9
            +---------+---------+-------+---------+---------+-------
        D:1 |      36 |       0 |   0.0 |      21 |       0 |   0.0
        D:2 |      73 |     214 |  74.6 |      22 |       1 |   4.3
        D:4 |      65 |       0 |   0.0 |       8 |       0 |   0.0
            +---------+---------+-------+---------+---------+-------

Illustrated notes

Table legend:
 A = Kills in this place as a percentage of kills in entire the game.
 B = Kills by you in this place as a percentage of kills by you in the entire game.
 C = Kills by friends in this place as a percentage of kills by friends in the entire game.
 D = Other kills in this place as a percentage of other kills in the entire game.
 E = Experience gained in this place as a percentage of experience gained in the entire game.
 F = Experience gained in this place divided by the number of levels of this place that you have seen.
                   A       B       C       D       E      F
               +-------+-------+-------+-------+-------+----------------------
         Total | 100.0 | 100.0 |   N/A |   N/A | 100.0 | 129.3
       Dungeon | 100.0 | 100.0 |   N/A |   N/A | 100.0 | 129.3
               +-------+-------+-------+-------+-------+----------------------

Table legend: (Time is in decaauts)
 A = Elapsed time spent in this place.
 B = Non-inter-level travel time spent in this place.
 C = Inter-level travel time spent in this place.
 D = Time resting spent in this place.
 E = Time spent auto-exploring this place.
 F = Levels seen in this place.
 G = Mean time per level.
                   A        B        C        D        E       F      G
               +--------+--------+--------+--------+--------+-----+--------+
         Total |   2469 |   2451 |     18 |    383 |   1731 |   3 |  823.0 |
       Dungeon |   2469 |   2451 |     18 |    383 |   1731 |   3 |  823.0 |
               +--------+--------+--------+--------+--------+-----+--------+

Top non-repeatable levels by time:
     D:1: 1355 daAuts
     D:2: 1043 daAuts
     D:4: 70 daAuts
